 Dungeon Crawl Stone Soup version 0.29-a0-483-g69413ace17 (webtiles) character file.

Game seed: 3276446265757765421

1539 xian the Conjurer (level 8, -9/63 HPs)
             Began as a Purple Draconian Conjurer on May 25, 2022.
             Killed from afar by a steam dragon (16 damage)
             ... with a ball of steam
             ... on level 6 of the Dungeon.
             The game lasted 00:15:57 (7278 turns).

xian the Conjurer (Purple Draconian Conjurer)       Turns: 7278, Time: 00:15:58

Health: -9/63      AC:  7    Str: 10    XL:     8   Next: 56%
Magic:  5/18       EV: 13    Int: 20    God:
Gold:   179        SH:  0    Dex: 10    Spells: 17/20 levels left

rFire   . . .      SeeInvis .   v - +1 mace (vorpal)
rCold   . . .      Faith    .   c - orb {*channel}
rNeg    . . .      Spirit   .   (body armour unavailable)
rPois   .          Reflect  .   (helmet restricted)
rElec   .          Harm     .   n - +0 cloak
rCorr   .          Rampage  .   (no gloves)
Will    +....                   (no boots)
Stlth   ++........              (no amulet)
HPRegen 0.20/turn               (no ring)
MPRegen 0.16/turn               (no ring)

@: no status effects
A: breathe power, AC +6, unfitting armour, cold-blooded
a: Breathe Dispelling Energy


You were on level 6 of the Dungeon.
You visited 1 branch of the dungeon, and saw 6 of its levels.

You collected 179 gold pieces.

Inventory:

Hand Weapons
 m - a +4 quarterstaff of chaos
 v - a +1 vorpal mace (weapon)
Missiles
 l - 6 atropa-tipped darts
Armour
 c - an orb of energy (worn)
 n - a +0 cloak (worn)
Jewellery
 y - a ring of fire
Scrolls
 d - a scroll of magic mapping {unknown}
 f - 3 scrolls of teleportation {unknown}
 i - a scroll of fog
 k - a scroll of enchant armour {unknown}
 o - a scroll of noise
 q - a scroll of vulnerability {unknown}
 r - a scroll of torment {unknown}
 s - a scroll of identify
 t - a scroll of enchant weapon {unknown}
 w - a scroll of silence {unknown}
Potions
 a - a potion of magic
 b - 3 potions of heal wounds {unknown}
 e - a potion of haste
 g - a potion of attraction {unknown}
 h - a potion of curing {unknown}
 j - a potion of mutation {unknown}
 p - a potion of ambrosia
 u - a potion of might {unknown}
 x - a potion of degeneration {unknown}


   Skills:
 + Level 3.0 Fighting
 + Level 1.5 Short Blades
 + Level 1.2 Maces & Flails
 + Level 4.5 Dodging
 + Level 3.4 Stealth
 + Level 6.9 Spellcasting
 + Level 7.0 Conjurations


You had 17 spell levels left.
You knew the following spells:

 Your Spells              Type           Power      Damage    Failure   Level
a - Magic Dart            Conj           100%       1d8       1%          1
b - Searing Ray           Conj           70%        2d7       1%          2

Your spell library contained the following spells:

 Spells                   Type           Power      Damage    Failure   Level
 Static Discharge         Conj/Air       21%        N/A       3%          2
 Dazzling Flash           Conj/Hex       42%        N/A       7%          3
 Fulminant Prism          Conj/Hex       10%        3d9       22%         4
 Iskenderun's Mystic Bla  Conj/Tloc      21%        2d6       22%         4
 Sticky Flame             Conj/Fire      21%        2d4       22%         4
 Ozocubu's Armour         Ice            6%         N/A       28%         3
 Dispel Undead            Necr           6%         3d8       67%         4
 Metabolic Englaciation   Hex/Ice        3%         N/A       95%         5
 Simulacrum               Ice/Necr       3%         N/A       100%        6


Dungeon Overview and Level Annotations

Branches:
Dungeon (6/15)
 Temple: D:4-7

Altars:
Fedhas
Hepliaklqana
Nemelex Xobeh
Okawaru
Qazlal
Ru
Xom
Zin

Shops:
D:6 *:

Annotations:
D:3 2 transporters, Zeld's ghost, amateur DDNe
D:6 3 runed translucent doors


Innate Abilities, Weirdness & Mutations

You can breathe bolts of dispelling energy.
Your rich purple scales are hard. (AC +6)
You cannot fit into any form of body armour.
You are cold-blooded and may be slowed by cold attacks.


Message History

Really walk into that cloud of steam? [Y]es or [N]o only, please.
Really walk into that cloud of steam?
Okay, then.
A steam dragon is nearby!
You see here a ring of fire.
y - a ring of fire The steam dragon breathes steam at you.
The ball of steam misses you.
Found a scroll labelled OXZITT MIENG and 18 gold pieces.
Casting: Searing Ray (safe; 1% risk of failure)
Confirm with . or Enter, or press ? or * to list all spells.
Aiming: Searing Ray (safe; 1% risk of failure)
Press: ? - help, Shift-Dir - straight line, f - steam dragon
Aim: a steam dragon (catching its breath, 81% to hit)
The searing ray hits the steam dragon!
The steam dragon is moderately wounded. (Press . to maintain the ray.)
The steam dragon bites you but does no damage.
The steam dragon claws you.
* * * LOW HITPOINT WARNING * * *
The searing ray hits the steam dragon.
The steam dragon is heavily wounded.
The steam dragon bites you but does no damage.
The steam dragon misses you.
The searing ray hits the steam dragon.
The steam dragon is heavily wounded.
The steam dragon bites you.
* * * LOW HITPOINT WARNING * * *
The steam dragon closely misses you.
The searing ray hits the steam dragon.
The steam dragon is severely wounded.
You finish channelling your searing ray.
The steam dragon completely misses you. The steam dragon claws you.
* * * LOW HITPOINT WARNING * * *
The steam dragon closely misses you. The steam dragon claws you.
* * * LOW HITPOINT WARNING * * *
The steam dragon breathes steam at you. The ball of steam hits you!
You die...

....#...##.....
....+...........
$...+.......... .
?...+.........#..
....#..........#
#Z#.....#.......
#.....#..#.∩.#...
#..@..............#
####D......#.... .
#............. .##.
#.......#...# ....
###.......#..# .....
#....).......# #.....
#.............##......
###..........#..######
#.............#.....


You could see a steam dragon (catching breath) and a howler monkey simulacrum.

Vanquished Creatures
  Sigmund (D:2)
  Duvessa (D:5)
  A black bear (D:4)
  2 ice beasts (D:6)
  Blork the orc (D:4)
  A scorpion (D:5)
  A necrophage (D:5)
  Dowan (D:5)
  4 crimson imps (D:5)
  2 hounds (D:6)
  A gnoll shaman (D:6)
  An orc priest (D:5)
  Crazy Yiuf (D:2)
  A jelly (D:4)
  4 iguanas
  An orc wizard (D:5)
  Robin (D:4)
  20 gnolls
  6 adders
  3 dart slugs
  6 orcs
  2 bats (D:1)
  5 endoplasms
  3 giant cockroaches
  11 goblins
  11 hobgoblins
  3 jackals (D:2)
  11 kobolds
  A quokka (D:3)
  6 ball pythons
  6 frilled lizards
  2 rats
121 creatures vanquished.

Vanquished Creatures (others)
  6 plants (D:3)
6 creatures vanquished.

Grand Total: 127 creatures vanquished

Notes
Turn   | Place    | Note
-------+----------+-------------------------------------------
     0 | D:1      | xian the Draconian Conjurer began the quest for the Orb.
     0 | D:1      | Reached XP level 1. HP: 14/14 MP: 3/3
   267 | D:1      | Reached XP level 2. HP: 11/20 MP: 5/5
  1115 | D:2      | Reached XP level 3. HP: 26/26 MP: 1/6
  1827 | D:2      | Noticed Sigmund
  2016 | D:3      | Learned a level 2 spell: Searing Ray
  2113 | D:2      | Killed Sigmund
  2114 | D:2      | Reached skill level 1 in Fighting
  2114 | D:2      | Reached skill level 1 in Short Blades
  2114 | D:2      | Reached XP level 4. HP: 30/35 MP: 0/8
  2114 | D:2      | Reached XP level 5. HP: 35/40 MP: 0/9
  2251 | D:2      | Found a runed translucent door.
  2252 | D:2      | Noticed Crazy Yiuf
  2510 | D:2      | Killed Crazy Yiuf
  2511 | D:2      | Reached skill level 5 in Conjurations
  3025 | D:3      | Found a faded altar of an unknown god.
  3121 | D:3      | Found a transporter.
  3223 | D:3      | Found a glowing silver altar of Zin.
  3234 | D:3      | Found a stormy altar of Qazlal.
  3282 | D:3      | Found a transporter.
  3293 | D:3      | Identified the +8 halberd of Delicate Watchfulness {pain,
                  | rElec rPois Int+5 Stlth+}
  3303 | D:3      | Noticed Zeld's ghost (amateur DDNe)
  3453 | D:3      | Reached XP level 6. HP: 47/47 MP: 8/10
  3877 | D:4      | Noticed Robin
  3912 | D:4      | Killed Robin
  4611 | D:4      | Noticed Blork the orc
  4618 | D:4      | Killed Blork the orc
  5120 | D:4      | Found a blossoming altar of Fedhas.
  5221 | D:4      | Your scales start taking on a rich purple colour.
  5221 | D:4      | Reached XP level 7. HP: 49/53 MP: 3/14
  5362 | D:4      | Reached skill level 5 in Spellcasting
  5493 | D:5      | Entered Level 5 of the Dungeon
  5607 | D:5      | Identified the +1 chain mail of Dithmenos's Wrath {*Slow
                  | Dex+6 SInv Stlth+}
  5711 | D:5      | Found a shimmering altar of Xom.
  6058 | D:5      | Reached skill level 6 in Conjurations
  6288 | D:5      | Found a hazy altar of Hepliaklqana.
  6289 | D:5      | Found a sacrificial altar of Ru.
  6289 | D:5      | Found an iron altar of Okawaru.
  6290 | D:5      | Found a sparkling altar of Nemelex Xobeh.
  6421 | D:5      | Noticed Dowan
  6422 | D:5      | Noticed Duvessa
  6432 | D:5      | Killed Duvessa
  6433 | D:5      | Reached XP level 8. HP: 39/62 MP: 2/17
  6436 | D:5      | Killed Dowan
  6963 | D:6      | Reached skill level 1 in Maces & Flails
  7235 | D:6      | Found Afenn's Assorted Antiques.
  7250 | D:6      | Found Fyrunore's Book Emporium.
  7256 | D:6      | Reached skill level 7 in Conjurations
  7268 | D:6      | Found a runed translucent gate.
  7268 | D:6      | Found a runed translucent gate.
  7269 | D:6      | Found a runed translucent gate.
  7278 | D:6      | Killed from afar by a steam dragon

Illustrated notes

Levels and vault maps discovered:
D:1:      heliophobic_arrival_dark_side_of_the_moon, layout_basic,
          hangedman_abyss_or_decor_stabs, chequers_serial_rivers_small_a
D:2:      layout_rooms, uniq_crazy_yiuf_cottage, uniq_sigmund
D:3:      layout_loops_ring, amethyst_overflow_temple_binary,
          chequers_ecumenical_altar_island, gammafunk_ghost_gnarly_gnolls
D:4:      layout_basic, kennysheep_little_box, hangedman_decor_slide_cut,
          dk_noncrumbling_3, uniq_blork_the_orc, uniq_robin
D:5:      layout_gridville, chequers_temple_overflow_statue_of_worship,
          led_xom_imps, uniq_duvessa
D:6:      layout_cave_pools, overflow_temple_1_default,
          gammafunk_ghost_necromancy, gup_sewer_entry_spiral, serial_shops,
          shop, nicolae_diamond_shop, nicolae_shop_stone,
          nicolae_shop_overgrown_old_shop, nicolae_diamond_shop,
          nicolae_elemental_shop, grunt_ministairs_3

Skill      XL: |  1  2  3  4  5  6  7  8 |
---------------+-------------------------+-----
Dodging        | 2 3 4 |  4.5
Stealth        | 2 3 |  3.4
Fighting       | 1 2 3 |  3.0
Short Blades   | 1 |  1.5
Spellcasting   | 3 4 6 |  6.9
Conjurations   | 5 6 7 |  7.0
Maces & Flails | 1 |  1.2

Action                   |  1- 3 |  4- 6 |  7- 9 || total
-------------------------+-------+-------+-------++-------
Melee: Dagger            |    69 |    26 |       ||    95
       Unarmed           |     7 |       |       ||     7
       Tailslap          |     6 |     5 |     2 ||    13
       Mace              |       |     4 |    24 ||    28
 Cast: Magic Dart        |    59 |    87 |    87 ||   233
       Searing Ray       |     1 |     6 |    15 ||    22
 Abil: Breathe Dispellin |       |       |     3 ||     3
  Use: Scroll            |       |     2 |     2 ||     4
       Potion            |       |       |     2 ||     2
Armor: Skin              |    48 |    29 |    29 ||   106
Dodge: Dodged            |    83 |    43 |    70 ||   196

Table legend: (Time is in decaauts)
 A = Elapsed time spent in this place.
 B = Non-inter-level travel time spent in this place.
 C = Inter-level travel time spent in this place.
 D = Time resting spent in this place.
 E = Time spent auto-exploring this place.
 F = Levels seen in this place.
 G = Mean time per level.
                   A        B        C        D        E       F      G
               +--------+--------+--------+--------+--------+-----+--------+
         Total |   7290 |   7128 |    162 |   1073 |   4973 |   6 | 1215.0 |
       Dungeon |   7290 |   7128 |    162 |   1073 |   4973 |   6 | 1215.0 |
               +--------+--------+--------+--------+--------+-----+--------+

Top non-repeatable levels by time:
     D:4: 1868 daAuts
     D:5: 1467 daAuts
     D:2: 1390 daAuts
     D:3: 1127 daAuts
     D:1: 1110 daAuts
     D:6: 325 daAuts
